Map: Catalyst LE

Players

SamuraiFunn - Winner!

  • Race: Protoss Protoss
  • Spawn Location: 11:00

A.I. 1 (Elite)

  • Race: Terran Terran
  • Spawn Location: 5:00

VOD

Have the link to the VOD?

Description

Time

  • Played on: Nov. 24, 2017, 9:22 p.m.
  • Length: 13:29
Show
View Real Time Build Order
Export as new Build Order

SamuraiFunn Protoss - Winner!

Build Orders: 1 Gate Expand 

Get SALT Encoding   

  12  0:00  Probe  
  13  0:13  Probe  
  14  0:22  Pylon  
  14  0:25  Probe  
  15  0:40  Probe (Chrono Boost)  
  16  0:43  Gateway  
  16  0:52  Probe (Chrono Boost)  
  16  0:56  Assimilator  
  17  1:02  Probe (Chrono Boost)  
  18  1:06  Probe  
  19  1:24  Nexus  
  19  1:40  Probe  
  20  1:52  Probe  
  20  1:54  Cybernetics Core  
  21  2:00  Assimilator  
  21  2:17  Pylon  
  21  2:19  Probe  
  22  2:31  Probe  
  22  2:35  Adept  
  25  2:42  Gateway  
  25  2:46  Gateway x2  
  25  2:48  Probe  
  25  2:49  Probe  
  27  3:01  Probe x2  
  29  3:17  Probe x2  
  31  3:22  Pylon  
  31  3:31  Assimilator  
  31  3:32  Probe x2  
  31  3:33  Assimilator  
  33  3:42  Pylon  
  33  3:44  Probe x2  
  33  3:48  Warp Gate (Chrono Boost)  
  35  3:54  Stalker x2  
  39  4:35  Sentry x2  
  39  4:37  Stalker x2  
  47  4:40  Probe x2  
  49  4:54  Probe x2  
  49  4:58  Twilight Council  
  51  5:06  Probe x2  
  53  5:18  Probe x2  
  55  5:28  Pylon  
  55  5:36  Gateway  
  55  5:37  Gateway  
  55  5:39  Gateway  
  55  5:45  Stalker x3  
  61  5:54  Probe x2  
  61  5:57  Forge, Stalker  
  63  5:58  Forge  
  63  6:01  Pylon  
  63  6:02  Pylon  
  65  6:09  Probe x2  
  67  6:21  Probe x2  
  67  6:22  Nexus  
  67  6:23  Stalker  
  67  6:24  Pylon, Stalker x3  
  77  6:27  Pylon  
  77  6:43  Pylon  
  77  6:52  Probe x2  
  79  7:04  Probe x2  
  79  7:06  Stalker x5  
  79  7:07  Stalker  
  93  7:13  Protoss Ground Armor Level 1, Protoss Ground Weapons Level 1  
  93  7:16  Probe x2  
  93  7:19  Blink  
  93  7:22  Stalker  
  97  7:36  Probe x3  
  100  7:39  Stalker x2  
  100  7:40  Stalker  
  106  7:45  Pylon  
  106  7:48  Probe x2  
  106  7:50  Stalker  
  106  7:51  Stalker  
  112  7:53  Sentry x2  
  116  8:14  Probe x3  
  116  8:17  Stalker x2  
  116  8:18  Stalker x3  
  129  8:20  Pylon  
  129  8:26  Probe x2  
  131  8:35  Stalker  
  133  8:44  Probe x3, Pylon  
  133  8:46  Pylon  
  133  8:47  Pylon  
  136  8:51  Pylon, Nexus  
  136  8:55  Pylon  
  136  8:56  Probe x2  
  111  9:28  Stalker x2  
  111  9:29  Stalker x2  
  111  9:30  Stalker x2  
  119  9:35  Sentry  
  121  9:50  Gateway  
  121  9:51  Gateway  
  121  9:53  Gateway  
  121  9:55  Gateway  
  121  9:58  Assimilator  
  121  9:59  Pylon  
  121  10:02  Assimilator  
  107  10:41  Stalker x3  
  107  10:42  Stalker x3  
  119  10:43  Stalker  
  109  11:13  Stalker x4  
  109  11:14  Stalker x3  
  123  12:04  Stalker x3  
  123  12:05  Stalker x4  
  137  12:21  Stalker x4  
  145  12:47  Stalker x3  
  145  12:48  Stalker x5  
  145  12:49  Stalker  
  145  12:50  Stalker  
  165  12:52  Stalker  
  167  13:14  Dark Shrine  
Show
View Real Time Build Order
Export as new Build Order

A.I. 1 (Elite) Terran 

Build Orders: MMM Bio 

Get SALT Encoding   

  12  0:00  SCV  
  13  0:13  SCV  
  14  0:18  Supply Depot  
  14  0:25  SCV  
  15  0:40  SCV  
  16  0:43  Barracks  
  16  0:52  SCV  
  17  1:04  SCV  
  18  1:16  SCV, Supply Depot  
  19  1:22  Refinery  
  19  1:28  SCV  
  19  1:29  Marine  
  21  1:40  SCV  
  22  1:47  Marine  
  22  1:52  Barracks  
  22  1:53  SCV  
  24  1:55  Refinery  
  24  2:05  Supply Depot, Marine, Orbital Command  
  25  2:23  Marine  
  26  2:30  SCV  
  27  2:41  Marine  
  27  2:42  SCV  
  29  2:45  Command Center  
  29  3:03  SCV  
  29  3:04  Factory  
  30  3:07  Marine  
  30  3:09  Marine  
  31  3:15  SCV  
  32  3:24  Marine  
  33  3:27  SCV, Marine  
  35  3:39  SCV  
  35  3:40  Barracks  
  36  3:48  Barracks Tech Lab  
  36  3:51  Barracks Tech Lab, SCV  
  36  3:52  Factory Tech Lab  
  37  3:57  SCV  
  38  4:03  SCV  
  38  4:05  Supply Depot  
  38  4:09  SCV  
  40  4:12  Marine  
  40  4:13  Marine  
  40  4:16  SCV  
  43  4:19  Stimpack  
  43  4:21  SCV  
  44  4:26  Siege Tank  
  44  4:28  SCV  
  44  4:30  Combat Shields  
  48  4:33  SCV  
  48  4:37  Marine  
  50  4:39  Marine  
  50  4:40  SCV  
  50  4:44  Marauder  
  50  4:45  SCV  
  55  4:56  Marauder  
  55  4:58  Supply Depot, Orbital Command  
  56  5:05  Marauder  
  58  5:17  Marauder  
  58  5:20  Engineering Bay  
  60  5:26  Engineering Bay  
  60  5:27  Marauder  
  62  5:33  Command Center  
  62  5:46  Marauder  
  62  5:47  Terran Infantry Weapons Level 1  
  64  5:51  Supply Depot, Terran Infantry Armor Level 1  
  64  5:54  Marauder  
  66  6:00  Barracks Reactor  
  66  6:07  Concussive Shells, Marauder  
  68  6:15  Marine  
  69  6:18  Supply Depot  
  69  6:21  Starport  
  69  6:28  Marauder  
  71  6:34  Marauder  
  71  6:37  Marine  
  73  6:45  SCV  
  74  6:48  SCV  
  74  6:50  Marauder  
  74  6:51  SCV  
  78  6:58  SCV  
  78  6:59  Medivac, Marauder  
  83  7:11  Marauder  
  85  7:21  Marauder  
  87  7:23  Supply Depot  
  87  7:25  Refinery  
  87  7:29  Medivac, Marine, Orbital Command  
  90  7:32  Barracks, Marauder  
  90  7:34  Missile Turret  
  92  7:38  Missile Turret  
  92  7:48  Command Center  
  92  7:56  SCV  
  94  7:58  SCV  
  94  8:00  Starport Reactor  
  94  8:08  Armory  
  94  8:13  Marine  
  94  8:19  Supply Depot  
  95  8:20  Marine  
  95  8:22  Marine  
  95  8:24  Marine  
  98  8:35  Marauder  
  98  8:36  Medivac, Viking  
  104  8:43  Supply Depot  
  104  8:53  Missile Turret  
  104  8:55  Terran Infantry Weapons Level 2  
  104  9:00  SCV  
  104  9:02  SCV  
  106  9:04  SCV  
  106  9:06  Medivac, Viking  
  106  9:07  SCV  
  105  9:12  SCV  
  105  9:14  SCV  
  105  9:16  SCV, Marine  
  93  9:17  Marine  
  93  9:19  Marine  
  93  9:21  Marine  
  93  9:22  Marine  
  84  9:26  SCV  
  84  9:30  SCV  
  76  9:33  SCV  
  76  9:34  SCV, Marauder  
  76  9:35  Marine  
  76  9:38  SCV  
  79  9:39  Marauder  
  79  9:43  SCV  
  79  9:45  Marine  
  82  9:47  Marine  
  82  9:50  SCV  
  82  9:51  SCV  
  82  9:52  SCV  
  87  9:55  SCV  
  87  9:56  Marauder  
  90  10:01  Marine, Marauder  
  90  10:02  SCV  
  90  10:06  Marine  
  96  10:07  SCV, Marine  
  96  10:14  Planetary Fortress  
  90  10:17  Marauder  
  90  10:19  Marine  
  77  10:21  Missile Turret  
  77  10:22  Medivac, Marauder, Missile Turret  
  77  10:24  Marine  
  77  10:25  Marine  
  77  10:26  Viking  
  83  10:29  SCV  
  83  10:31  SCV  
  83  10:32  SCV  
  83  10:37  Marine  
  83  10:38  Marauder  
  83  10:42  SCV, Marine  
  79  10:43  SCV, Marine  
  79  10:44  Marauder  
  69  10:50  SCV  
  69  10:54  SCV, Marine  
  69  10:55  SCV  
  64  10:59  Marine  
  64  11:00  Marauder  
  64  11:02  SCV  
  66  11:05  Marauder  
  66  11:06  SCV  
  66  11:10  Marine  
  62  11:12  Marine  
  62  11:17  Marine  
  62  11:18  SCV  
  55  11:21  Marauder  
  52  11:27  Marine  
  52  11:30  Marine  
  52  11:32  Command Center  
  51  11:34  SCV  
  51  11:35  SCV, Marine  
  51  11:38  SCV  
  51  11:45  Marine  
  51  11:46  SCV  
  51  11:48  Marine  
  51  11:53  SCV, Marine  
  46  11:56  SCV  
  46  11:59  SCV  
  36  12:05  Barracks Tech Lab  
  33  12:09  SCV  
  30  12:21  SCV  
  27  12:22  Marine  
  28  12:32  Supply Depot  
  27  12:41  Supply Depot  
  23  13:10  Barracks  
  23  13:12  SCV  
Tags
 
Composition
MMM Bio
Matchup
PvT
Replay Pack
First 100 games
Spawn Locations
Cross Positions
Add a new tag
Caveats
  • Supply blocks, unpowered buildings, or Contaminate may cause inaccurate times.
  • Supply counts are checked every 10 seconds.